 Dungeon Crawl Stone Soup version 0.30-a0-883-g5ad918d77d (webtiles) character file.

Game seed: 17343536741393615950

4646 Pimp the Covered (level 10, -3/88 HPs)
             Began as an Armataur Wanderer on Mar 16, 2023.
             Was an Elder of Okawaru.
             Slain by Grum
             ... wielding a -2 glaive
              (22 damage)
             ... on level 8 of the Dungeon.
             The game lasted 00:14:35 (9600 turns).

Pimp the Covered (Armataur Wanderer)                Turns: 9600, Time: 00:14:36

Health: -3/88      AC: 17    Str: 17 (19) XL:     10   Next: 20%
Magic:  15/15      EV:  8    Int:  7 (13) God:    Okawaru [****..]
Gold:   517        SH:  0    Dex: 12 (14) Spells: 16/16 levels left

rFire   . . .      SeeInvis .    p - +6 war axe
rCold   . . .      Faith    .    (no shield)
rNeg    . . .      Spirit   .    b - +4 scale mail
rPois   .          Reflect  .    (helmet restricted)
rElec   .          Roll     +    u - +2 cloak {Will+}
rCorr   .                        (no gloves)
Will    ++...                    (no barding)
Stlth   +                        (no amulet)
HPRegen 0.34/turn                (no ring)
MPRegen 0.14/turn                (no ring)

@: unable to read
A: large, rugged brown scales 3, deformed body, armoured tail, roll, long
tongue, awkward tongue, antennae 1, iridescent scales 1, agile 1, strong-willed
1, inability to read after injury 1
a: Renounce Religion, Heroism, Finesse


You were on level 8 of the Dungeon.
You worshipped Okawaru.
Okawaru was greatly pleased with you.
You visited 1 branch of the dungeon, and saw 8 of its levels.
You visited the Abyss 1 time.

You collected 517 gold pieces.

Inventory:

Hand Weapons
 a - a +1 hand axe
 d - a +0 war axe
 m - a +2 hand axe of flaming
 p - a +6 war axe (weapon)
Armour
 b - a +4 scale mail (worn)
 u - a +2 cloak of willpower (worn)
Wands
 o - a wand of polymorph (10)
 t - a wand of mindburst (15)
Scrolls
 c - 3 scrolls of vulnerability
 h - 4 scrolls of identify
 l - a scroll of teleportation
 n - a scroll of magic mapping
Potions
 e - 2 potions of brilliance
 f - a potion of resistance
 g - 2 potions of magic
 i - 2 potions of lignification
 j - a potion of berserk rage
 k - 2 potions of degeneration
 q - a potion of haste


   Skills:
 * Level 5.9 Fighting
 * Level 7.6 Axes
 + Level 7.9 Armour
 + Level 3.2 Dodging
 - Level 4.4 Stealth
 + Level 3.5 Spellcasting
 + Level 3.8 Invocations
 - Level 4.1 Evocations


You had 16 spell levels left.
You didn't know any spells.
Your spell library contained the following spells:

 Spells                   Type           Power      Damage    Failure   Level
 Freeze                   Ice            4%         1d3       67%         1
 Sandblast                Erth           2%         2d4       67%         1
 Passwall                 Tmut/Erth      0%         N/A       82%         2
 Dazzling Flash           Conj/Hex       2%         N/A       96%         3
 Frozen Ramparts          Ice            2%         1d1       96%         3
 Hailstorm                Conj/Ice       1%         3d3       96%         3
 Ozocubu's Armour         Ice            1%         N/A       96%         3
 Stone Arrow              Conj/Erth      2%         3d7       96%         3
 Passage of Golubria      Tloc           1%         N/A       100%        4
 Agony                    Necr           1%         N/A       100%        5
 Silence                  Hex/Air        0%         N/A       100%        5
 Yara's Violent Unravell  Hex/Tmut       0%         3d3       100%        5
 Ozocubu's Refrigeration  Ice            0%         4d7       100%        7
 Tukima's Dance           Hex            Unusable   N/A       N/A         3
 Summon Forest            Summ/Tloc      Unusable   N/A       N/A         5
 Summon Mana Viper        Hex/Summ       Unusable   N/A       N/A         5
 Summon Cactus Giant      Summ           Unusable   N/A       N/A         6

Dungeon Overview and Level Annotations

Branches:
Dungeon (8/15)             Temple (0/1) D:7
   Lair: D:8-11

Altars:
Kikubaaqudgha
Makhleb
Okawaru
The Shining One

Shops:
D:6 =

Annotations:
D:8 Grum


Innate Abilities, Weirdness & Mutations

You are completely covered in rugged brown scales. (AC +3, +7% HP)
Armour fits poorly on your strangely shaped body.
You have a long armoured tail.
You roll when moving toward enemies. (Rampage)
Your long tongue fully drains potion bottles. (2x potion effects)
Your tongue gives you trouble enunciating. (1.5x scroll delay)
You have a pair of small antennae on your head.
You are partially covered in iridescent scales. (AC +2)
You are agile. (Dex +4, Str/Int -1)
You are strong-willed. (Will+)
You occasionally lose the ability to read scrolls when taking damage.


Message History

You slash the wolf!
You kill the wolf!
Okawaru accepts your kill. The wolf bites you but does no damage.
You barely miss the wolf.
The wolf is lightly wounded.
The wolf barely misses you. The wolf bites you but does no damage.
You hit the wolf. You tail-slap the wolf.
The wolf is moderately wounded.
The wolf bites you but does no damage. x2
You slurp down every last drop of the potion of curing!
You feel better. The wolf bites you but does no damage. The wolf bites you!
You slash the wolf!
The wolf is almost dead.
The wolf completely misses you. The wolf bites you but does no damage.
You closely miss the wolf.
The wolf is severely wounded.
The wolf closely misses you. x2
You closely miss the wolf.
The wolf is severely wounded.
The wolf bites you but does no damage. Grum hits you but does no damage.
The wolf barely misses you.
You slash the wolf!
You kill the wolf!
Okawaru accepts your kill. Grum hits you but does no damage.
You hit the orc wizard but do no damage.
The orc wizard is lightly wounded.
Grum barely misses you. The orc wizard closely misses you.
Grum hits you from afar with a -2 glaive.
You closely miss the orc.
Grum hits you from afar with a -2 glaive!!
* * * LOW HITPOINT WARNING * * *
The orc barely misses you.
You slash the orc!
You kill the orc!
Okawaru accepts your kill.
Grum hits you from afar with a -2 glaive!!
You feel threatened and lose the ability to read scrolls!
You die...

.................#
#########.#####..#
#.........# #..#
#.######..#####..####
#####.#####..[...........
#......##.....#####..####
#.........##.........#
#....zg#####.#####....
#....zo)@.............###
#.....o#####.###.........
#.....{# #.# ##.....##.
#....(.# .# ##.#####.
#.....g#####.# ##
#.....z....... #####
######)....... .....
#........ ##### #........
....


You could see Grum, 2 wights, an orc wizard and an orc.

Vanquished Creatures
  A two-headed ogre (D:8)
  Pikel (D:6)
  A kobold demonologist (D:7)
  Grinder (D:3)
  A sky beast (D:8)
  2 black bears
  An ice beast (D:4)
  2 wolves (D:8)
  An ogre (D:4)
  3 centaurs
  3 phantoms
  A kobold brigand (D:7)
  2 lemures (D:6)
  A bullfrog (D:7)
  6 scorpions
  9 wights
  3 electric eels (D:7)
  A howler monkey (D:7)
  5 orc priests
  Crazy Yiuf (D:6)
  2 gnoll boudas
  4 hounds
  A sleepcap (D:5)
  Jessica (D:3)
  2 iguanas
  4 orc wizards
  13 adders
  9 gnolls
  A shadow imp (D:6)
  3 white imps
  2 worms
  30 orcs
  10 bats
  4 endoplasms
  3 giant cockroaches
  9 goblins
  16 hobgoblins
  2 jackals (D:2)
  A quokka (D:3)
  12 ball pythons
  3 frilled lizards
  16 kobolds
  3 rats
197 creatures vanquished.

Vanquished Creatures (others)
  An orc wizard (D:8)
1 creature vanquished.

Grand Total: 198 creatures vanquished

Notes
Turn   | Place    | Note
-------+----------+-------------------------------------------
     0 | D:1      | Pimp the Armataur Wanderer began the quest for the Orb.
     0 | D:1      | Pimp set off with the following items: a +0 hand axe, a +2
                  | scale mail, a scroll of vulnerability, a scroll of
                  | blinking.
     0 | D:1      | Reached XP level 1. HP: 14/14 MP: 1/1
    80 | D:1      | Reached XP level 2. HP: 10/21 MP: 2/2
   694 | D:1      | Reached XP level 3. HP: 19/27 MP: 3/3
  1219 | D:2      | Reached XP level 4. HP: 28/35 MP: 4/4
  1818 | D:3      | Noticed Grinder
  1828 | D:3      | Paralysed by Grinder for 2 turns
  1844 | D:3      | Killed Grinder
  1845 | D:3      | Reached skill level 5 in Armour
  1845 | D:3      | Reached XP level 5. HP: 35/40 MP: 5/5
  1845 | D:3      | Reached XP level 6. HP: 42/48 MP: 6/6
  1945 | D:3      | Noticed Jessica
  1949 | D:3      | Killed Jessica
  2074 | D:3      | Found a large runed translucent door.
  2074 | D:3      | Found a large runed translucent door.
  2496 | D:3      | Found a burning altar of Makhleb.
  2512 | D:3      | Found an iron altar of Okawaru.
  2522 | D:3      | Became a worshipper of Warmaster Okawaru
  2635 | D:4      | Noticed an ice beast
  2667 | D:4      | Killed an ice beast
  2668 | D:4      | Reached skill level 5 in Axes
  3093 | D:4      | Reached XP level 7. HP: 28/49 MP: 7/7
  3432 | D:4      | Reached skill level 1 in Fighting
  3779 | D:4      | Reached skill level 1 in Spellcasting
  3846 | D:5      | Entered Level 5 of the Dungeon
  3851 | D:5      | Reached skill level 1 in Dodging
  3913 | D:5      | HP: 2/58 [orc wizard/+1 dagger of electrocution (3)]
  4258 | D:5      | Reached * piety under Okawaru
  4259 | D:5      | Reached XP level 8. HP: 58/65 MP: 8/10
  5363 | D:6      | Reached skill level 1 in Invocations
  5431 | D:6      | Found a runed translucent door.
  5432 | D:6      | Noticed Crazy Yiuf
  5948 | D:6      | Reached ** piety under Okawaru
  6425 | D:6      | Found Luinirph's Jewellery Boutique.
  6482 | D:6      | Reached XP level 9. HP: 65/66 MP: 12/12
  6512 | D:6      | Identified the +1 leather armour "Viusm" {Drain Str+2 Int+3
                  | Stlth+}
  6708 | D:6      | Noticed Pikel
  6723 | D:6      | Killed Pikel
  6723 | D:6      | Reached *** piety under Okawaru
  7492 | D:6      | Killed Crazy Yiuf
  7825 | D:7      | Noticed a kobold demonologist
  7825 | Abyss:1  | Cast into level 1 of the Abyss (gnoll bouda)
  7848 | D:7      | Escaped the Abyss
  7853 | D:7      | Noticed a red devil
  7854 | D:7      | Killed a kobold demonologist
  7855 | D:7      | Reached skill level 5 in Fighting
  8269 | D:7      | Found a staircase to the Ecumenical Temple.
  8294 | D:7      | Found a glowing golden altar of the Shining One.
  8636 | D:7      | Found an ancient bone altar of Kikubaaqudgha.
  9076 | D:8      | Noticed a two-headed ogre
  9084 | D:8      | Killed a two-headed ogre
  9084 | D:8      | Reached **** piety under Okawaru
  9085 | D:8      | Reached XP level 10. HP: 28/88 MP: 13/15
  9389 | D:8      | Gained mutation: You have a pair of small antennae on your
                  | head. [potion of mutation]
  9389 | D:8      | Gained mutation: You occasionally lose the ability to read
                  | scrolls when taking damage. [potion of mutation]
  9389 | D:8      | Gained mutation: You are agile. (Dex +4, Str/Int -1)
                  | [potion of mutation]
  9389 | D:8      | Gained mutation: You are strong-willed. (Will+) [potion of
                  | mutation]
  9389 | D:8      | Gained mutation: You are partially covered in iridescent
                  | scales. (AC +2) [potion of mutation]
  9576 | D:8      | Noticed Grum
  9600 | D:8      | Slain by Grum

Illustrated notes

Levels and vault maps discovered:
D:1:      sevenhm_arrival_forest_fort_small_4, layout_loops_cross,
          minmay_misc_feat_chi, minmay_vboxes
D:2:      layout_loops_corners, corexii_corridor_pit, minmay_splitting_lines,
          minmay_hexomino_c4
D:3:      layout_loops_ring, jmf_multi_god_temple2, serial_glass,
          glass_columns_b, glass_columns_b, st_stairs_14, uniq_jessica,
          uniq_grinder
D:4:      layout_basic, kennysheep_orc_chapel
D:5:      layout_basic, dreamdust_mushroom_princess
D:6:      layout_basic, serial_shops, nicolae_shop_hallway_plus,
          amcnicky_mini_pool_small, nicolae_half_adder, uniq_crazy_yiuf_cottage,
          uniq_pikel
D:7:      layout_basic, nicolae_overflow_squiral, temple_green
D:8:      layout_basic, uniq_grum

Skill      XL: |  1  2  3  4  5  6  7  8  9 |
---------------+----------------------------+-----
Armour         | 4 5 6 7 |  7.9
Stealth        | 2 3 4 |  4.4
Evocations     | 2 3 4 |  4.1
Axes           | 5 6 7 |  7.6
Fighting       | 2 4 5 |  5.9
Spellcasting   | 1 2 3 |  3.5
Dodging        | 1 2 3 |  3.2
Invocations    | 2 3 |  3.8

Action                     |  1- 3 |  4- 6 |  7- 9 | 10-12 || total
---------------------------+-------+-------+-------+-------++-------
  Melee: Hand axe          |   109 |   180 |   212 |       ||   501
         Tailslap          |     9 |    16 |    37 |     3 ||    65
         War axe           |       |       |   122 |    43 ||   165
         Punch             |       |       |     4 |       ||     4
    Use: Scroll            |     4 |     2 |     6 |       ||    12
         Potion            |       |     6 |     6 |     6 ||    18
   Stab: Distracted        |       |       |     1 |       ||     1
 Armour: Scale mail        |    72 |   127 |   181 |    40 ||   420
         Skin              |       |       |    11 |       ||    11
  Dodge: Dodged            |    58 |    57 |   140 |    27 ||   282

Table legend: (Time is in decaauts)
 A = Elapsed time spent in this place.
 B = Non-inter-level travel time spent in this place.
 C = Inter-level travel time spent in this place.
 D = Time resting spent in this place.
 E = Time spent auto-exploring this place.
 F = Levels seen in this place.
 G = Mean time per level.
                   A        B        C        D        E       F      G
               +--------+--------+--------+--------+--------+-----+--------+
         Total |   9642 |   9336 |    306 |   2175 |   5694 |   9 | 1071.3 |
       Dungeon |   9619 |   9313 |    306 |   2175 |   5694 |   8 | 1202.4 |
         Abyss |     22 |     22 |      0 |      0 |      0 |   1 |   22.0 |
               +--------+--------+--------+--------+--------+-----+--------+

Top non-repeatable levels by time:
     D:6: 2268 daAuts
     D:4: 1482 daAuts
     D:7: 1447 daAuts
     D:5: 1329 daAuts
     D:2: 961 daAuts
     D:1: 817 daAuts
     D:3: 791 daAuts
     D:8: 519 daAuts
 Abyss:1: 22 daAuts
